 Dungeon Crawl Stone Soup version 0.29.1-13-g9f3cf754e1 (webtiles) character file.

Game seed: 10189672331061708427

8093 zeedtz1 the Cleaver (level 11, -7/79 (101) HPs)
             Began as a Minotaur Fighter on Jan 31, 2023.
             Was an Elder of Okawaru.
             Killed from afar by Nergalle (45 damage)
             ... with a bolt of negative energy
             ... on level 10 of the Dungeon on Feb 7, 2023.
             The game lasted 01:23:48 (10004 turns).

zeedtz1 the Cleaver (Minotaur Fighter)             Turns: 10004, Time: 01:23:49

HP:   -7/79 (101)   AC: 23    Str: 32    XL:     11   Next: 5%
MP:   10/10         EV:  9    Int:  5    God:    Okawaru [****..]
Gold: 285           SH:  6    Dex: 17    Spells: 10/10 levels left

rFire   x . .      SeeInvis .   g - +1 war axe (vorpal)
rCold   + . .      Faith    .   c - +0 buckler
rNeg    . . .      Spirit   .   x - +1 plate armour
rPois   .          Reflect  .   h - +1 hat
rElec   .          Harm     .   P - +2 cloak of the Mind {Str+8}
rCorr   .          Rampage  .   r - +0 pair of gloves
Will    .....                   l - +0 pair of boots
Stlth   ..........              n - amulet of regeneration
HPRegen 1.03/turn               f - +6 ring of dexterity
MPRegen 0.12/turn               i - ring of ice

@: heavily drained
A: horns 2, retaliatory headbutt
a: Renounce Religion, Heroism, Finesse


You were on level 10 of the Dungeon.
You worshipped Okawaru.
Okawaru was greatly pleased with you.
You visited 2 branches of the dungeon, and saw 11 of its levels.
You also visited: Ossuary.

You collected 451 gold pieces.
You spent 166 gold pieces at shops.

Inventory:

Hand Weapons
 g - a +1 vorpal war axe (weapon)
 y - a +1 antimagic spear
Missiles
 k - a curare-tipped dart
 m - 29 poisoned darts (quivered)
 C - 6 boomerangs
Armour
 b - a +1 scale mail
 c - a +0 buckler (worn)
 h - a +1 hat (worn)
 j - a +1 chain mail
 l - a +0 pair of boots (worn)
 r - a +0 pair of gloves (worn)
 t - a +2 cloak
 x - a +1 plate armour (worn)
 z - a +2 cloak
 P - the +2 cloak of the Mind (worn) {Str+8}
   (You found it on level 9 of the Dungeon)

   Str:       It affects your strength (+8).
 T - +0 acid dragon scales
Magical Staves
 v - a staff of conjuration
Jewellery
 f - a +6 ring of dexterity (left hand)
 i - a ring of ice (right hand)
 n - an amulet of regeneration (around neck)
 s - an amulet of magic regeneration
Wands
 H - a wand of light (4)
 M - a wand of roots (15)
 N - a wand of flame (14)
Scrolls
 a - a scroll of butterflies
 d - 5 scrolls of fear
 o - 4 scrolls of immolation
 p - a scroll of magic mapping
 q - 2 scrolls of blinking
 u - 7 scrolls of teleportation
 A - 3 scrolls of enchant weapon
 F - 2 scrolls of enchant armour
 O - a scroll of poison
 R - a scroll of brand weapon {unknown}
 S - a scroll of identify
Potions
 e - 4 potions of curing
 w - a potion of brilliance
 B - 3 potions of haste
 D - a potion of mutation
 E - 2 potions of lignification
 G - a potion of might
 I - a potion of heal wounds
 J - 4 potions of flight
 K - 3 potions of attraction
 L - a potion of resistance
 Q - a potion of magic


   Skills:
 * Level 10.5 Fighting
 + Level 12.1 Axes
 * Level 11.2 Armour
 + Level 1.9 Dodging
 - Level 0.3 Stealth
 * Level 8.7 Shields


You had 10 spell levels left.
You didn't know any spells.
Your spell library contained the following spells:

 Spells                   Type           Power      Damage    Failure   Level
 Apportation              Tloc           0%         N/A       99%         1
 Magic Dart               Conj           0%         1d3       99%         1
 Necrotise                Necr           0%         1d4       99%         1
 Ensorcelled Hibernation  Hex/Ice        0%         N/A       99%         2
 Passwall                 Tmut/Erth      0%         N/A       99%         2
 Sublimation of Blood     Necr           0%         N/A       99%         2
 Wereblood                Tmut           0%         N/A       99%         2
 Confusing Touch          Hex            0%         N/A       100%        3
 Ignite Poison            Fire/Tmut/Pois 0%         N/A       100%        3
 Mephitic Cloud           Conj/Pois/Air  0%         N/A       100%        3
 Portal Projectile        Hex/Tloc       0%         N/A       100%        3
 Swiftness                Air            0%         N/A       100%        3
 Vampiric Draining        Necr           0%         2d6       100%        3
 Leda's Liquefaction      Hex/Erth       0%         N/A       100%        4
 Agony                    Necr           0%         N/A       100%        5
 Alistair's Intoxication  Tmut/Pois      0%         N/A       100%        5
 Freezing Cloud           Conj/Ice/Air   0%         6-21      100%        5
 Yara's Violent Unravell  Hex/Tmut       0%         3d3       100%        5
 Enfeeble                 Hex            0%         N/A       100%        7
 Call Imp                 Summ           Unusable   N/A       N/A         2
 Call Canine Familiar     Summ           Unusable   N/A       N/A         3
 Summon Hydra             Summ           Unusable   N/A       N/A         7

Dungeon Overview and Level Annotations

Branches:
Dungeon (10/15)            Temple (1/1) D:7            Lair (0/5) D:10
    Orc (0/2) D:10        Ossuary (visited)

Altars:
Ashenzari
Cheibriados
Dithmenos
Elyvilon
Fedhas
Gozag
Hepliaklqana
Kikubaaqudgha
Makhleb
Nemelex Xobeh
Okawaru
Qazlal
Ru
Sif Muna
Trog
Uskayaw
Vehumet
Wu Jian
Xom
Yredelemnul
Zin
The Shining One

Shops:
D:1 *?!=

Annotations:
D:7 1 runed translucent door, Peloso's ghost, novice MiFi
D:8 Psyche
D:10 Nergalle


Innate Abilities, Weirdness & Mutations

You have a pair of horns on your head.
You reflexively headbutt those who attack you in melee.


Message History

Nergalle hits you but does no damage.
You closely miss Nergalle. You headbutt Nergalle.
Nergalle is moderately wounded.
Nergalle hits you with a +0 dagger.
You slash Nergalle! Your headbutt misses Nergalle.
Nergalle is heavily wounded.
Nergalle casts a spell at you. The bolt of negative energy hits you!
You feel drained.
You barely miss Nergalle.
You headbutt Nergalle, but do no damage.
Nergalle is heavily wounded.
Nergalle closely misses you. You furiously retaliate!
You headbutt Nergalle. You hit Nergalle but do no damage.
Nergalle is heavily wounded.
Nergalle gestures at you while chanting.
The bolt of negative energy misses you.
You hit Nergalle.
Nergalle is severely wounded.
Nergalle hits you but does no damage.
You hit Nergalle but do no damage. Your headbutt misses Nergalle.
Nergalle is severely wounded.
Nergalle hits you but does no damage.
You hit Nergalle but do no damage.
Nergalle is severely wounded.
Nergalle closely misses you.
You hit Nergalle but do no damage.
You headbutt Nergalle, but do no damage.
Nergalle is severely wounded.
You slash Nergalle!
Nergalle is almost dead.
Nergalle hits you but does no damage.
You hit Nergalle but do no damage. Your headbutt misses Nergalle.
Nergalle is almost dead.
Nergalle points at you and mumbles some strange words.
The bolt of negative energy hits you!!!
You feel drained.
You feel better. Nergalle casts a spell at you.
The bolt of negative energy hits you!!!
You feel drained.
Ouch! That really hurt!
You die...

..... ....# ## ....#
.# ## ...#######
.####.$ .........##
.#...?. .....<....#
..... ..........# ...#
.........## ##o.#
.......### ##@..##
......## ##.....#
....### #......#
.....## ##...#...#
......## ####....##..#
..##...###.......##..#
.#####............#
..#
####..............#
..#
##.....).†........# .#


You could see Nergalle.

Vanquished Creatures
  Fannar (D:10)
  A two-headed ogre (D:10)
  A deep elf pyromancer (D:10)
  Maggie (D:6)
  A troll (D:10)
  Prince Ribbit (D:5)
  2 hornets
  A wyvern (D:10)
  A yak (D:10)
  Eustachio (D:5)
  A steam dragon (D:9)
  2 acid dragons (D:10)
  3 water moccasins
  An ice beast (D:8)
  3 orc warriors
  2 black bears (D:10)
  A sky beast (D:7)
  2 ogres
  A phantom (D:5)
  2 centaurs
  4 kobold brigands
  3 necrophages
  8 bullfrogs
  A scorpion (D:5)
  A wyvern zombie (Ossuary)
  5 wights
  11 killer bees
  3 howler monkeys
  5 bullfrog zombies (Ossuary)
  4 centaur zombies (Ossuary)
  A gnoll bouda (D:6)
  A jelly (D:4)
  3 orc priests
  4 hounds
  Crazy Yiuf (D:5)
  5 iguanas
  3 orc wizards
  2 killer bee zombies (Ossuary)
  12 mummies (Ossuary)
  Robin (D:4)
  2 howler monkey zombies (Ossuary)
  10 gnolls
  6 adders
  An ufetubus (D:7)
  2 worms (D:3)
  2 dart slugs
  26 orcs
  6 endoplasms
  15 giant cockroaches
  17 goblins
  8 hobgoblins
  2 jackals (D:1)
  4 quokkas
  4 ball pythons
  6 bats
  A frilled lizard (D:2)
  20 kobolds
  4 rats
243 creatures vanquished.

Vanquished Creatures (others)
  A goblin (D:4)
  29 fungi (D:10)
  29 plants (D:10)
  8 withered plants (Ossuary)
67 creatures vanquished.

Grand Total: 310 creatures vanquished

Notes
Turn   | Place    | Note
-------+----------+-------------------------------------------
     0 | D:1      | zeedtz1 the Minotaur Fighter began the quest for the Orb.
     0 | D:1      | Reached XP level 1. HP: 19/19 MP: 0/0
    91 | D:1      | Found Imesonuh's Magic Scroll Boutique.
   158 | D:1      | Found Dasicodo's Assorted Antiques.
   210 | D:1      | Reached XP level 2. HP: 26/27 MP: 1/1
   225 | D:1      | Found Gyehuytowu's Distillery.
  1325 | D:1      | Found a faded altar of an unknown god.
  1371 | D:1      | Found Uremis's Jewellery Boutique.
  1611 | D:2      | Noticed a necrophage
  1615 | D:2      | Killed a necrophage
  1616 | D:2      | Reached skill level 3 in Axes
  1616 | D:2      | Reached XP level 3. HP: 34/34 MP: 2/2
  1616 | D:2      | Reached XP level 4. HP: 41/41 MP: 3/3
  1896 | D:2      | Found an opulent altar of Gozag.
  2858 | D:3      | Reached XP level 5. HP: 47/47 MP: 4/4
  3001 | D:3      | Found a broken altar of Ashenzari.
  3146 | D:3      | Reached skill level 5 in Armour
  3277 | D:3      | Reached skill level 4 in Axes
  3458 | D:4      | Reached skill level 5 in Fighting
  3690 | D:4      | Noticed Robin
  3699 | D:4      | Killed Robin
  3890 | D:4      | Reached skill level 5 in Axes
  3890 | D:4      | Reached XP level 6. HP: 56/56 MP: 5/5
  4411 | D:5      | Entered Level 5 of the Dungeon
  4443 | D:5      | Found a runed translucent door.
  4444 | D:5      | Noticed Crazy Yiuf
  4514 | D:5      | Killed Crazy Yiuf
  4587 | D:5      | Noticed Eustachio
  4591 | D:5      | Killed Eustachio
  4592 | D:5      | Reached skill level 6 in Axes
  4592 | D:5      | Reached XP level 7. HP: 61/61 MP: 6/6
  4630 | D:5      | Found a sand-covered staircase.
  4639 | Ossuary  | Entered an ossuary
  4749 | Ossuary  | Reached skill level 7 in Axes
  4789 | Ossuary  | Reached skill level 5 in Shields
  4850 | Ossuary  | Reached XP level 8. HP: 70/70 MP: 7/7
  4968 | Ossuary  | Reached skill level 8 in Axes
  5450 | D:5      | Found a blossoming altar of Fedhas.
  5565 | D:6      | Identified a scroll of acquirement
  5565 | D:6      | Acquired a staff of death
  5679 | D:6      | Reached skill level 9 in Axes
  5811 | D:6      | Noticed Prince Ribbit
  5879 | D:5      | Killed Prince Ribbit
  5880 | D:5      | Reached XP level 9. HP: 68/79 MP: 8/8
  5965 | D:6      | Reached skill level 1 in Dodging
  6197 | D:6      | Noticed Maggie
  6208 | D:6      | Killed Maggie
  7099 | D:1      | Bought a scroll of enchant weapon for 82 gold pieces
  7099 | D:1      | Bought a scroll of fear for 44 gold pieces
  7146 | D:1      | Bought a potion of might for 40 gold pieces
  7408 | D:7      | Reached skill level 10 in Axes
  7435 | D:7      | Found a staircase to the Ecumenical Temple.
  7447 | Temple   | Entered the Ecumenical Temple
  7463 | Temple   | Became a worshipper of Warmaster Okawaru
  7779 | D:7      | Found a runed translucent door.
  7794 | D:7      | Noticed Peloso's ghost (novice MiFi)
  7835 | D:7      | Found a shadowy altar of Dithmenos.
  7927 | D:7      | Reached * piety under Okawaru
  8223 | D:8      | Noticed Psyche
  8348 | D:8      | Reached skill level 10 in Armour
  8348 | D:8      | Reached XP level 10. HP: 90/90 MP: 9/9
  8500 | D:8      | Reached ** piety under Okawaru
  8857 | D:9      | Identified the +2 cloak of the Mind {Str+8}
  8968 | D:9      | Found a radiant altar of Vehumet.
  9079 | D:9      | Reached skill level 11 in Axes
  9367 | D:10     | Entered Level 10 of the Dungeon
  9367 | D:10     | Noticed Fannar
  9382 | D:10     | Killed Fannar
  9382 | D:10     | Reached *** piety under Okawaru
  9407 | D:10     | Noticed a two-headed ogre
  9503 | D:10     | Reached skill level 10 in Fighting
  9525 | D:10     | Noticed a deep elf pyromancer
  9528 | D:10     | Found a staircase to the Lair.
  9533 | D:10     | Killed a deep elf pyromancer
  9533 | D:10     | Reached **** piety under Okawaru
  9614 | D:10     | Found a staircase to the Orcish Mines.
  9708 | D:10     | Found an ancient bone altar of Kikubaaqudgha.
  9708 | D:10     | Found a faded altar of an unknown god.
  9715 | D:10     | Found a snail-covered altar of Cheibriados.
  9717 | D:10     | Found a faded altar of an unknown god.
  9719 | D:10     | Found a burning altar of Makhleb.
  9932 | D:10     | Killed a two-headed ogre
  9933 | D:10     | Reached skill level 12 in Axes
  9933 | D:10     | Reached XP level 11. HP: 92/101 MP: 10/10
  9988 | D:10     | Noticed Nergalle
 10004 | D:10     | Killed from afar by Nergalle

Illustrated notes

Levels and vault maps discovered:
D:1:      evilmike_arrival_rings, layout_loops_ring, serial_shops,
          nicolae_shop_crystal, nicolae_lakefront_shop, shop_fountains,
          nicolae_shop_waterfront, shapermc_ecumenical_altar_mp_vishouse
D:2:      minmay_roachtagon, layout_basic, basic_altar
D:3:      layout_loops_ring, ashenzari_conservatory_becter
D:4:      layout_basic, uniq_robin
D:5:      layout_basic, lemuel_coloured_pillars_altar,
          nicolae_ossuary_entry_monument, serial_glass, glass_columns_a,
          glass_columns_c, feat_on_display, uniq_eustachio,
          uniq_crazy_yiuf_cottage
D:6:      layout_loops_corners, serial_bayou_crossing, uniq_prince_ribbit1,
          uniq_maggie
D:7:      layout_basic, mainiacjoe_overflow_alcove_1, minmay_temple_entry_grid,
          ebering_ghost_reflecting_pool, chequers_serial_rivers_small_a
D:8:      layout_rooms, uniq_psyche
D:9:      layout_rooms, vehumet_crystals, hangedman_decor_clover_reticule
D:10:     layout_cave_pods, chequers_temple_overflow_minitemple,
          due_lair_maze_entry_diamond, uniq_fannar, uniq_nergalle
Temple:   nicolae_temple_no_exploring_needed

Skill      XL: |  1  2  3  4  5  6  7  8  9 10 |
---------------+-------------------------------+-----
Armour         | 4 5 6 7 10 11 | 11.2
Fighting       | 4 5 6 7 8 10 | 10.5
Axes           | 3 5 6 7 9 10 12 | 12.1
Shields        | 4 5 6 7 8 |  8.7
Dodging        | 1 |  1.9
Stealth        | |  0.3

Action                   |  1- 3 |  4- 6 |  7- 9 | 10-12 || total
-------------------------+-------+-------+-------+-------++-------
Melee: War axe           |    39 |   135 |   302 |   170 ||   646
       Headbutt          |     5 |    20 |    62 |    42 ||   129
  Use: Scroll            |       |    14 |    11 |     5 ||    30
       Potion            |       |       |     2 |     3 ||     5
Armor: Scale mail        |    23 |    34 |       |       ||    57
       Chain mail        |       |    24 |       |       ||    24
       Plate armour      |       |    22 |   179 |   110 ||   311
Dodge: Dodged            |    26 |    42 |    95 |    52 ||   215
Block: Buckler           |    10 |    40 |    92 |    58 ||   200
